 Dungeon Crawl Stone Soup version 0.28-a0-691-gad6df49e81 (webtiles) character file.

Game seed: 4075650931045957272

176 bande the Covered (level 5, 0/49 HPs)
             Began as a Gargoyle Fighter on Oct 21, 2021.
             Killed from afar by a steam dragon (17 damage)
             ... with a ball of steam
             ... on level 4 of the Dungeon.
             The game lasted 00:05:19 (3053 turns).

bande the Covered (Gargoyle Fighter)                Turns: 3053, Time: 00:05:20

Health: 0/49       AC: 22    Str: 20    XL:     5   Next: 56%
Magic:  5/5        EV:  2    Int:  9    God:
Gold:   152        SH:  4    Dex:  9    Spells: 4/4 levels left

rFire   . . .      SeeInvis .   a - +0 war axe
rCold   . . .      Faith    .   c - +0 buckler
rNeg    + . .      Spirit   .   (armour currently unavailable)
rPois   ∞          Reflect  .   (helmet currently unavailable)
rElec   .          Harm     .   (cloak currently unavailable)
rCorr   .          Rampage  .   (gloves currently unavailable)
Will    .....      NoTele   +   (boots currently unavailable)
Stlth   +.........              (no amulet)
HPRegen 0.16/turn               (no ring)
MPRegen 0.09/turn               (no ring)

@: tree-form, very slightly contaminated, invisible
A: stationary, stasis, torment immunity, boosted hp, sickness immunity, AC +4,
negative energy resistance 1, (electricity resistance), torment resistance 1,
petrification resistance
a: no special abilities


You were on level 4 of the Dungeon.
You were a tree.
You visited 1 branch of the dungeon, and saw 4 of its levels.

You collected 152 gold pieces.

Inventory:

Hand Weapons
 a - a +0 war axe (weapon)
 b - a +0 war axe
 k - a +0 flail
Armour
 c - a +0 buckler (worn)
 i - a +1 kite shield
 j - a +0 chain mail (melded)
Jewellery
 m - an amulet of magic regeneration
 o - an amulet of regeneration
Scrolls
 h - a scroll of magic mapping
Potions
 d - 2 potions of might
 e - 2 potions of flight
 f - 3 potions of brilliance


   Skills:
 + Level 3.9 Fighting
 + Level 3.4 Axes
 + Level 4.6 Armour
 + Level 3.8 Shields


You had 4 spell levels left.
You didn't know any spells.
Your spell library contained the following spells:

 Spells                   Type           Power      Damage    Failure   Level
 Magic Dart               Conj           0%         1d3       38%         1
 Searing Ray              Conj           0%         2d4       52%         2
 Fulminant Prism          Conj/Hex       0%         3d6       99%         4


Dungeon Overview and Level Annotations

Branches:
Dungeon (4/15)
 Temple: D:4-7

Altars:
Trog

Shops:
D:3 :   D:4 [


Innate Abilities, Weirdness & Mutations

You are a tree.
Your roots penetrate the ground, keeping you stationary.
You cannot be teleported.
You are immune to unholy pain and torment.
Your maximum health is greatly increased.
Your equipment is partially melded.
You are immune to sickness and miasma.
((Your stone body is resilient. (AC +4)))
You are immune to poison.
You resist negative energy. (rN+)
((You are resistant to electric shocks. (rElec)))
You are resistant to unholy torment.
You are immune to petrification.


Message History

You hit the steam dragon.
The steam dragon is moderately wounded.
The kobold throws a stone.
The stone completely misses you. The steam dragon breathes steam at you.
The ball of steam hits you!
* * * LOW HITPOINT WARNING * * *
You are too injured to fight recklessly!
You are too injured to fight recklessly!
You are too injured to fight recklessly!
You are too injured to fight recklessly!
You are too injured to fight recklessly!
You are too injured to fight recklessly!
You are too injured to fight recklessly!
You are too injured to fight recklessly!
You are too injured to fight recklessly!
Unknown command.
It was a potion of lignification.
You turn into a tree.
Your +0 chain mail melds into your body.
Your roots penetrate the ground.
The steam dragon bites you but does no damage.
The steam dragon claws you but does no damage.
It was a potion of invisibility.
You fade into invisibility!
The kobold throws a stone.
The stone hits you but does no damage.
The steam dragon bites you but does no damage.
The steam dragon claws you but does no damage.
You are very lightly contaminated with residual magic.
It was a potion of curing.
You feel better. You block the steam dragon's attack. x2
You barely miss the kobold. You hit the steam dragon.
The kobold hits you but does no damage. You block the steam dragon's attack.
The steam dragon claws you but does no damage.
The kobold hits you but does no damage.
You slash the steam dragon!
The steam dragon is severely wounded.
You slash the kobold!
You kill the kobold!
The steam dragon breathes steam at you. The ball of steam hits you!
You die...

................. ###..
###......#........
#....##..............#..
.....#...##......##.##..
.........#..#.†..##.....
........................
........#...............
.......)................
#....D♣?...............
#...##...###...........
## ###.# ........##..
#######.........
........# .........
#.....#. ......##
####...#


You could see a steam dragon (catching breath).

Vanquished Creatures
  Jessica (D:3)
  Ijyb (D:3)
  Terence (D:3)
  3 gnolls (D:2)
  An adder (D:2)
  2 worms
  4 dart slugs
  An orc (D:4)
  2 endoplasms
  A giant cockroach (D:3)
  10 goblins
  5 hobgoblins
  4 kobolds
  A quokka (D:2)
  6 ball pythons
  2 bats (D:3)
  4 frilled lizards
  9 rats
58 creatures vanquished.

Vanquished Creatures (others)
  A fungus (D:1)
  A plant (D:1)
2 creatures vanquished.

Grand Total: 60 creatures vanquished

Notes
Turn   | Place    | Note
-------+----------+-------------------------------------------
     0 | D:1      | bande the Gargoyle Fighter began the quest for the Orb.
     0 | D:1      | Reached XP level 1. HP: 14/14 MP: 1/1
   329 | D:1      | Reached XP level 2. HP: 19/19 MP: 2/2
   424 | D:1      | Found a faded altar of an unknown god.
   857 | D:2      | Reached XP level 3. HP: 19/24 MP: 3/3
   877 | D:2      | Reached skill level 4 in Armour
  1142 | D:2      | Reached XP level 4. HP: 29/29 MP: 4/4
  1689 | D:3      | Noticed Terence
  1696 | D:3      | Killed Terence
  1772 | D:3      | Noticed Ijyb
  1835 | D:3      | Killed Ijyb
  1836 | D:3      | Reached XP level 5. HP: 18/33 MP: 5/5
  2303 | D:3      | Noticed Jessica
  2312 | D:3      | Killed Jessica
  2676 | D:3      | Found Ullink's Book Boutique.
  2899 | D:4      | Found Igusapt's Armour Shop.
  3006 | D:4      | Found a bloodstained altar of Trog.
  3042 | D:4      | Noticed a steam dragon
  3053 | D:4      | Killed from afar by a steam dragon

Illustrated notes

Levels and vault maps discovered:
D:1:      beargit_arrival_greenhouse, layout_basic,
          dreamdust_ecumenical_altar_hidden_monk_grotto
D:2:      layout_loops_ring
D:3:      layout_basic, serial_rivers, chequers_serial_rivers_small_b,
          chequers_serial_rivers_room_a, chequers_serial_rivers_large_a,
          chequers_serial_rivers_micro_c, chequers_serial_rivers_large_b,
          chequers_serial_rivers_small_b, serial_shops, shop_fountains,
          uniq_jessica, uniq_ijyb, uniq_terence
D:4:      layout_cave_pools, lightli_temple_of_fire,
          ebering_ghost_reflecting_pool, serial_shops, nicolae_shop_stone,
          minmay_cut_off

Skill      XL: |  1  2  3  4 |
---------------+-------------+-----
Axes           | 2 3 |  3.4
Armour         | 4 |  4.6
Fighting       | |  3.9
Shields        | |  3.8

Action                   |  1- 3 |  4- 6 || total
-------------------------+-------+-------++-------
Melee: War axe           |    90 |   102 ||   192
       Unarmed           |       |     7 ||     7
  Use: Scroll            |     5 |     1 ||     6
       Potion            |       |     3 ||     3
Armor: Scale mail        |    55 |    13 ||    68
       Chain mail        |       |    55 ||    55
       Skin              |       |    10 ||    10
Dodge: Dodged            |    50 |    42 ||    92
Block: Buckler           |    17 |    27 ||    44

Table legend: (Time is in decaauts)
 A = Elapsed time spent in this place.
 B = Non-inter-level travel time spent in this place.
 C = Inter-level travel time spent in this place.
 D = Time resting spent in this place.
 E = Time spent auto-exploring this place.
 F = Levels seen in this place.
 G = Mean time per level.
                   A        B        C        D        E       F      G
               +--------+--------+--------+--------+--------+-----+--------+
         Total |   3158 |   3135 |     23 |    363 |   2098 |   4 |  789.5 |
       Dungeon |   3158 |   3135 |     23 |    363 |   2098 |   4 |  789.5 |
               +--------+--------+--------+--------+--------+-----+--------+

Top non-repeatable levels by time:
     D:3: 1271 daAuts
     D:2: 977 daAuts
     D:1: 743 daAuts
     D:4: 165 daAuts
